 Dungeon Crawl Stone Soup version 0.31-a0-846-gb3bcc0d938 (webtiles) character file.

Game seed: 14882999436679191896

660 MachoJfn the Trooper (level 7, -2/61 HPs)
             Began as a Ghoul Monk on Oct 3, 2023.
             Was a Plaything of Xom.
             Slain by a lemure (8 damage)
             ... led by Pikel
             ... on level 5 of the Dungeon.
             The game lasted 00:16:11 (6522 turns).

MachoJfn the Trooper (Ghoul Monk)                   Turns: 6522, Time: 00:16:11

Health: -2/61      AC:  6    Str: 21 (22) XL:     7   Next: 56%
Magic:  6/6        EV: 13    Int:  5      God:    Xom [...*..]
Gold:   222        SH:  0    Dex: 11      Spells: 6/6 levels left

rFire   . . .        o - +7 hammer "Buoc" {vamp, Will+++ Str+5}
rCold   + . .        d - orb {light}
rNeg    + + +        b - +1 robe
rPois   ∞            (no helmet)
rElec   .            q - +2 cloak
rCorr   .            (no gloves)
SInv    .            (no boots)
Will    +++..        (no amulet)
Stlth   +            (no ring)
HPRegen 0.00/turn    (no ring)
MPRegen 0.10/turn

%: no passive effects
@: inhibited regen, glowing
A: claws 1, cold resistance 1, negative energy resistance 3, inhibited
regeneration, torment resistance 2, devour on kill
a: Renounce Religion


You were on level 5 of the Dungeon.
You worshipped Xom.
You were a favourite toy of Xom.
You visited 1 branch of the dungeon, and saw 5 of its levels.

You collected 222 gold pieces.

Inventory:

Hand Weapons
 a - a +0 spear
 o - the +7 hammer "Buoc" (weapon) {vamp, Will+++ Str+5}
   (You found it on level 2 of the Dungeon)

   Str+5:     It affects your strength (+5).
   Will+++:   It greatly increases your willpower.
 p - a +2 quarterstaff of chaos
Missiles
 j - 59 stones (quivered)
 n - a throwing net
 v - a boomerang
Armour
 b - a +1 robe (worn)
 d - an orb of light (worn)
 q - a +2 cloak (worn)
Talismans
 l - a blade talisman
Wands
 f - a wand of roots (12)
Scrolls
 i - a scroll of fear
 k - 5 scrolls of teleportation
 r - a scroll of poison
 u - a scroll of blinking
Potions
 c - a potion of ambrosia
 e - a potion of degeneration
 g - 3 potions of might
 h - 5 potions of curing
 m - a potion of haste
 s - 2 potions of invisibility
 t - 2 potions of heal wounds


   Skills:
 + Level 5.0 Fighting
 + Level 4.5 Maces & Flails
 + Level 3.8 Polearms
 + Level 4.2 Dodging
 + Level 1.5 Stealth


You had 6 spell levels left.
You didn't know any spells.
Your spell library contained the following spells:

 Spells                   Type           Power      Damage    Failure   Level
 Freeze                   Ice            0%         1d3       47%         1
 Magic Dart               Conj           0%         1d3       47%         1
 Blink                    Tloc           0%         N/A       63%         2
 Lesser Beckoning         Tloc           0%         N/A       63%         2
 Momentum Strike          Conj/Tloc      0%         3d8       63%         2
 Frozen Ramparts          Ice            0%         1d1       85%         3
 Hailstorm                Conj/Ice       0%         3d3       85%         3
 Mephitic Cloud           Conj/Pois/Air  0%         N/A       85%         3
 Volatile Blastmotes      Fire/Tloc      0%         2d10      85%         3
 Fulminant Prism          Conj/Hex       0%         3d5       99%         4
 Iskenderun's Mystic Bla  Conj/Tloc      0%         2d3       99%         4
 Arcjolt                  Conj/Air       0%         1d10      100%        5
 Irradiate                Conj/Tmut      0%         3d11      100%        5
 Chain Lightning          Conj/Air       0%         N/A       100%        9
 Wereblood                Tmut           Unusable   N/A       N/A         2

Dungeon Overview and Level Annotations

Branches:
Dungeon (5/15)
 Temple: D:4-7

Altars:
Okawaru
Xom

Shops:
D:1 =

Annotations:
D:5 Pikel


Innate Abilities, Weirdness & Mutations

You are immune to poison.
You have sharp fingernails.
Your flesh is cold resistant. (rC+)
You are immune to negative energy. (rN+++)
You do not regenerate when monsters are visible.
You are immune to unholy pain and torment.
You thrive by killing the living.


Message History

You kill the water moccasin!
The water moccasin misses you. Pikel barely misses you.
The howler monkey completely misses you.
The water moccasin bites you but does no damage.
You feel your strength returning.
Your Fighting skill increases to level 5!
You barely miss the lemure.
Pikel says, "Don't tell anyone, but I think Ereshkigal likes me."
Pikel hits you with a +0 whip of flaming!
Pikel burns you.
The water moccasin bites you but does no damage.
The howler monkey misses you. The lemure barely misses you.
You barely miss the lemure. The water moccasin bites you!
The howler monkey hoots and howls with incredible vigour!
The lemure hits you. The lemure hits you but does no damage.
Pikel waves his whip at you. Pikel barely misses you.
The water moccasin bites you. The howler monkey hits you. The lemure hits you!
Pikel closely misses you. The water moccasin closely misses you.
The howler monkey closely misses you. The lemure barely misses you. x2
You see here a water moccasin corpse.
You thump the lemure!
The lemure is heavily wounded.
The water moccasin barely misses you. The howler monkey hits you.
The water moccasin barely misses you. The lemure misses you. Pikel misses you.
The lemure barely misses you. The lemure hits you.
* * * LOW HITPOINT WARNING * * *
The lemure hits you.
* * * LOW HITPOINT WARNING * * *
You hit the lemure.
The lemure is severely wounded.
The howler monkey closely misses you.
The water moccasin bites you but does no damage.
The lemure hits you but does no damage. The howler monkey hits you.
* * * LOW HITPOINT WARNING * * *
Pikel closely misses you. The lemure hits you.
* * * LOW HITPOINT WARNING * * *
The lemure hits you but does no damage. The lemure hits you!
You die...
Xom titters!

.. ... #.# .. .. #.#
..# .
..#########.###..#..
......#......[........
................#....#
.?.....>.....55...#..
...........S@5......
#.........5Kh......
##..#......#..##...
#.......##..## .
##..#.........
#.............>
#...#.....#........
......###<.....#.#...
..............###$#...


You could see Pikel, a water moccasin, 4 lemures and a howler monkey.

Vanquished Creatures
  A water moccasin (D:5)
  An ice beast (D:5)
  Blork the orc (D:4)
  2 scorpions
  A hound (D:4)
  A jelly (D:4)
  Crazy Yiuf (D:2)
  7 gnolls
  2 adders (D:3)
  A worm (D:2)
  2 dart slugs
  7 orcs
  15 endoplasms
  4 giant cockroaches
  6 goblins
  9 hobgoblins
  5 jackals
  3 quokkas
  5 ball pythons
  4 bats
  2 frilled lizards
  11 kobolds
  6 rats
97 creatures vanquished.

Notes
Turn   | Place    | Note
-------+----------+-------------------------------------------
     0 | D:1      | MachoJfn the Ghoul Monk began the quest for the Orb.
     0 | D:1      | Reached XP level 1. HP: 19/19 MP: 0/0
   106 | D:1      | Reached XP level 2. HP: 23/26 MP: 1/1
   565 | D:1      | Found Xops's One-of-a-Kind Rings.
   609 | D:1      | Reached XP level 3. HP: 33/33 MP: 2/2
   995 | D:2      | Identified the +7 hammer "Buoc" {vamp, Will+++ Str+5}
   998 | D:2      | Found a runed translucent door.
   999 | D:2      | Noticed Crazy Yiuf
  1005 | D:2      | Killed Crazy Yiuf
  1006 | D:2      | Reached XP level 4. HP: 40/40 MP: 3/3
  1145 | D:2      | Found a faded altar of an unknown god.
  1150 | D:2      | Prayed at the altar of an unknown god.
  1150 | D:2      | Became a worshipper of Xom of Unknown Intention
  1264 | D:2      | Found an iron altar of Okawaru.
  1276 | D:2      | Reached skill level 4 in Fighting
  1381 | D:2      | XOM: silly message
  1597 | D:2      | XOM: noise
  1619 | D:2      | XOM: noise
  2441 | D:2      | XOM: divination: magic mapping
  2500 | D:2      | XOM: silly message
  2525 | D:2      | XOM: summons 3 hostile shadow creatures
  2725 | D:2      | XOM: silly message
  2824 | D:2      | XOM: summons 3 hostile demons
  3424 | D:2      | XOM: silly message
  3699 | D:2      | XOM: summons 3 hostile demons
  3701 | D:2      | XOM: smoke on damage
  4166 | D:2      | XOM: silly message
  4294 | D:3      | Noticed a scorpion
  4302 | D:3      | Killed a scorpion
  4303 | D:3      | Reached skill level 1 in Maces & Flails
  4303 | D:3      | Reached XP level 5. HP: 39/46 MP: 4/4
  4326 | D:3      | Got a fusty book
  4417 | D:3      | XOM: silly message
  4447 | D:3      | Reached skill level 1 in Stealth
  4552 | D:3      | XOM: scenery: create altars
  4845 | D:3      | Reached XP level 6. HP: 52/52 MP: 5/5
  4937 | D:3      | XOM: stat loss: -1 Str (21/22)
  5386 | D:4      | Noticed Blork the orc
  5387 | D:4      | XOM: confusion
  5388 | D:4      | XOM: fog
  5399 | D:4      | Killed Blork the orc
  5676 | D:4      | XOM: god gift: boomerang
  5691 | D:4      | XOM: 1-stop teleportation journey
  5699 | D:4      | Reached XP level 7. HP: 35/60 MP: 6/6
  5723 | D:4      | XOM: scenery: 2 doors open
  5816 | D:4      | XOM: scenery: summon butterflies
  6496 | D:5      | Entered Level 5 of the Dungeon
  6512 | D:5      | Noticed Pikel
  6518 | D:5      | Reached skill level 5 in Fighting
  6522 | D:5      | Slain by a lemure

Illustrated notes

Levels and vault maps discovered:
D:1:      dpeg_arrival_fog, layout_basic, nicolae_shop_unique_rings
D:2:      layout_basic, basic_ecumenical_altar, basic_altar,
          minmay_pentomino_p2, uniq_crazy_yiuf_cottage
D:3:      layout_loops_cross, minmay_circle_x
D:4:      layout_basic, kennysheep_generic_room_15, uniq_blork_the_orc
D:5:      layout_rooms, dreamdust_wishing_well, uniq_ijyb, uniq_menkaure,
          uniq_pikel

Skill      XL: |  1  2  3  4  5  6  7 |
---------------+----------------------+-----
Polearms       | 3 |  3.8
Dodging        | 3 4 |  4.2
Fighting       | 4 5 |  5.0
Maces & Flails | 1 2 3 4 |  4.5
Stealth        | 1 |  1.5

Action                     |  1- 3 |  4- 6 |  7- 9 || total
---------------------------+-------+-------+-------++-------
  Melee: Spear             |    96 |       |       ||    96
         Mace              |     3 |   129 |    22 ||   154
    Use: Scroll            |       |    15 |       ||    15
         Potion            |       |     2 |       ||     2
 Armour: Robe              |    37 |   103 |    28 ||   168
  Dodge: Dodged            |    49 |    93 |    31 ||   173

Table legend: (Time is in decaauts)
 A = Elapsed time spent in this place.
 B = Non-inter-level travel time spent in this place.
 C = Inter-level travel time spent in this place.
 D = Time resting spent in this place.
 E = Time spent auto-exploring this place.
 F = Levels seen in this place.
 G = Mean time per level.
                   A        B        C        D        E       F      G
               +--------+--------+--------+--------+--------+-----+--------+
         Total |   6564 |   5866 |    698 |   3142 |   2013 |   5 | 1312.8 |
       Dungeon |   6564 |   5866 |    698 |   3142 |   2013 |   5 | 1312.8 |
               +--------+--------+--------+--------+--------+-----+--------+

Top non-repeatable levels by time:
     D:2: 3450 daAuts
     D:4: 1428 daAuts
     D:1: 853 daAuts
     D:3: 804 daAuts
     D:5: 28 daAuts
